 Dungeon Crawl Stone Soup version 0.27-a0-1181-g5f64966fcc (webtiles) character file.

Game seed: 8259194355168135779

1540 tilp the Fighter (level 8, -6/82 HPs)
             Began as a Barachi Summoner on May 17, 2021.
             Was a Follower of Okawaru.
             Succumbed to Duvessa's poison
             ... on level 6 of the Dungeon.
             The game lasted 00:15:46 (10548 turns).

tilp the Fighter (Barachi Summoner)                Turns: 10548, Time: 00:15:46

Health: -6/82      AC:  8    Str: 11    XL:     8   Next: 86%
Magic:  12/12      EV: 10    Int: 15    God:    Okawaru [*.....]
Gold:   314        SH:  0    Dex: 14    Spells: 7/13 levels left

rFire    . . .     SeeInvis .   a - +0 spear
rCold    . . .     Faith    .   (no shield)
rNeg     + . .     Spirit   .   l - +1 ring mail {rN+}
rPois    .         Reflect  .   (no helmet)
rElec    .         Harm     .   (no cloak)
rCorr    .         Rampage  .   (no gloves)
Will     .....                  z - +1 pair of boots
Stlth    +.........             (no amulet)
HPRegen  0.23/turn              (no ring)
MPRegen  0.13/turn              (no ring)

@: lethally poisoned (-6 -> -35), unable to hop, studying Unarmed Combat, slow
A: amphibious, slowness 1, strong legs 1, +LOS
a: Hop, Renounce Religion, Heroism


You were on level 6 of the Dungeon.
You worshipped Okawaru.
Okawaru was aware of your devotion.
You visited 1 branch of the dungeon, and saw 6 of its levels.

You collected 404 gold pieces.
You spent 90 gold pieces at shops.

Inventory:

Hand Weapons
 a - a +0 spear (weapon)
 b - a +3 dagger of electrocution
Missiles
 i - 7 javelins (quivered)
 n - 5 silver boomerangs
Armour
 f - a +0 leather armour
 h - a +0 scale mail
 l - a +1 ring mail of positive energy (worn)
 o - a +0 buckler
 z - a +1 pair of boots (worn)
Jewellery
 c - a ring of fire
Wands
 p - a wand of flame (26)
Scrolls
 e - a scroll of teleportation
 y - 2 scrolls of magic mapping
Potions
 d - a potion of mutation
 k - a potion of haste {unknown}
 m - 3 potions of flight
 q - a potion of brilliance {unknown}
 r - a potion of degeneration {unknown}
 s - 2 potions of attraction


   Skills:
 - Level 14.6 Fighting
 + Level 2.3 Dodging
 + Level 1.9 Stealth
 - Level 4.0 Shields
 - Level 3.0 Spellcasting
 - Level 6.0 Summonings
 - Level 4.0 Invocations


You had 7 spell levels left.
You knew the following spells:

 Your Spells              Type           Power      Damage    Failure   Level
a - Summon Small Mammal   Summ           80%        N/A       4%          1
b - Call Imp              Summ           20%        N/A       6%          2
c - Call Canine Familiar  Summ           20%        N/A       12%         3

Your spell library contained the following spells:

 Spells                   Type           Power      Damage    Failure   Level
 Summon Guardian Golem    Hex/Summ       11%        N/A       38%         3
 Summon Ice Beast         Ice/Summ       11%        N/A       80%         4
 Summon Lightning Spire   Summ/Air       11%        N/A       80%         4
 Confusing Touch          Hex            2%         N/A       82%         3
 Gell's Gravitas          Tloc           1%         N/A       82%         3
 Petrify                  Tmut/Erth      2%         N/A       99%         4
 Metabolic Englaciation   Hex/Ice        1%         N/A       100%        5
 Yara's Violent Unravell  Hex/Tmut       1%         3d3       100%        5


Dungeon Overview and Level Annotations

Branches:
Dungeon (6/15)
 Temple: D:4-7

Altars:
Okawaru
Vehumet

Shops:
D:4 *   D:6 *

Annotations:
D:6 Duvessa


Innate Abilities, Weirdness & Mutations

You are amphibious.
You cover ground slowly.
You can hop short distances.
You have an extended range of vision and can be seen from far away.


Message History

You feel sick.
Duvessa hits you with a +2 short sword of venom!
You are more poisoned.
You feel extremely sick.
Duvessa hits you with a +2 short sword of venom.
You are more poisoned.
You feel extremely sick.
Duvessa rages.
Duvessa misses you.
Hop to where?
Press: ? - help, Dir - move target, f - you, p - Duvessa
Okay, then.
You feel very sick.
Duvessa hits you with a +2 short sword of venom!
* * * LOW HITPOINT WARNING * * *
Hop to where?
Press: ? - help, Dir - move target, p - Duvessa Boing!
You feel very sick.
Duvessa rages.
You feel very sick.
As you read the scroll of teleportation, it crumbles to dust.
You feel strangely unstable.
You feel very sick.
The water moccasin zombie bites you but does no damage.
Unknown command.
It was a potion of curing.
You feel better.
Duvessa hits you with a +2 short sword of venom.
* * * LOW HITPOINT WARNING * * *
You are poisoned.
The water moccasin zombie bites you.
* * * LOW HITPOINT WARNING * * *
Duvessa hits you with a +2 short sword of venom!
* * * LOW HITPOINT WARNING * * *
You are more poisoned.
The water moccasin zombie misses you.
It was a potion of cancellation.
You feel strangely stable.
You feel magically purged.
You die...

....... #..# #..#
.....#.####.># #...
#.>....#...# ##.#
#.....$....### #..
#..#.#.......# ###
####..#.........# ##
...............# #.
##..##....).#.####.##. #.
#........Z@#...........###.
##.......e...(###.##......<
#####.##.#..## #######.
#.......# #. #(##.#.## ##
#......# ## ####.### #. #.#
#. #.# #.


You could see Duvessa (berserk) and a water moccasin zombie.

Vanquished Creatures
  A water moccasin (D:6)
  A black bear (D:5)
  A necrophage (D:5)
  An ogre (D:5)
  A phantom (D:5)
  A bullfrog (D:6)
  A scorpion (D:5)
  2 water moccasin skeletons
  2 gnoll shamans
  An iguana (D:4)
  A hound skeleton (D:4)
  A howler monkey zombie (D:5)
  3 gnolls
  A howler monkey skeleton (D:6)
  2 adders (D:5)
  A worm (D:3)
  An adder skeleton (D:5)
  A dart slug (D:2)
  3 orcs
  3 bats
  5 endoplasms
  3 goblins
  3 hobgoblins
  11 jackals
  3 kobolds
  3 quokkas
  4 ball pythons (D:1)
  3 frilled lizards
  6 rats
70 creatures vanquished.

Vanquished Creatures (collateral kills)
  A yak (D:4)
  A black bear (D:5)
  An ogre (D:4)
  A bullfrog (D:5)
  A scorpion (D:4)
  Dowan (D:6)
  A bullfrog zombie (D:5)
  2 hounds
  An orc priest (D:3)
  Terence (D:2)
  An iguana (D:5)
  3 gnolls
  5 adders
  A worm (D:2)
  3 orcs
  An endoplasm (D:1)
  A giant cockroach (D:1)
  3 goblins
  A hobgoblin (D:1)
  A jackal (D:4)
  3 kobolds
34 creatures vanquished.

Vanquished Creatures (others)
  10 plants (D:4)
10 creatures vanquished.

Grand Total: 114 creatures vanquished

Notes
Turn   | Place    | Note
-------+----------+-------------------------------------------
     0 | D:1      | tilp the Barachi Summoner began the quest for the Orb.
     0 | D:1      | Reached XP level 1. HP: 13/13 MP: 3/3
   213 | D:1      | Reached skill level 1 in Fighting
   592 | D:1      | Found a faded altar of an unknown god.
   685 | D:1      | Reached XP level 2. HP: 22/22 MP: 5/5
   695 | D:1      | Learned a level 2 spell: Call Imp
   769 | D:1      | Reached skill level 2 in Fighting
  2343 | D:2      | Noticed Terence
  2355 | D:2      | Killed Terence
  2356 | D:2      | Reached skill level 3 in Fighting
  2356 | D:2      | Reached XP level 3. HP: 6/29 MP: 1/6
  3665 | D:2      | Learned a level 3 spell: Call Canine Familiar
  3834 | D:3      | Reached skill level 4 in Fighting
  3851 | D:3      | Reached skill level 5 in Summonings
  3851 | D:3      | Reached XP level 4. HP: 32/37 MP: 4/7
  4318 | D:3      | Found an iron altar of Okawaru.
  4325 | D:3      | Found a radiant altar of Vehumet.
  4489 | D:3      | Became a worshipper of Warmaster Okawaru
  5128 | D:4      | Noticed an ogre
  5140 | D:4      | Killed an ogre
  5141 | D:4      | Reached XP level 5. HP: 29/42 MP: 1/9
  5292 | D:4      | Reached skill level 1 in Invocations
  5485 | D:4      | HP: 2/42 [orc/+0 short sword (1)]
  6471 | D:4      | Found Otaongys's Assorted Antiques.
  6478 | D:4      | Bought a scroll labelled VEICLY AFIH for 30 gold pieces
  6478 | D:4      | Bought a scroll labelled WUINIGOAPI for 30 gold pieces
  6478 | D:4      | Bought a scroll labelled XEAMYHIXOA for 30 gold pieces
  6894 | D:3      | Reached XP level 6. HP: 16/48 MP: 1/10
  7349 | D:4      | Reached skill level 14 in Fighting
  7349 | D:4      | Reached XP level 7. HP: 11/75 MP: 4/11
  8059 | D:5      | Entered Level 5 of the Dungeon
  8317 | D:5      | Noticed a yak
  8346 | D:4      | Killed a yak
  8767 | D:5      | Reached * piety under Okawaru
  8768 | D:5      | Reached XP level 8. HP: 80/82 MP: 8/12
  8876 | D:5      | Reached skill level 1 in Shields
  9916 | D:6      | Found Caicli's General Store.
 10334 | D:6      | Noticed Dowan
 10345 | D:6      | Killed Dowan
 10536 | D:6      | Noticed Duvessa
 10547 | D:6      | HP: 1/82 [Duvessa/+2 short sword of venom (14)]
 10548 | D:6      | Succumbed to Duvessa's poison

Illustrated notes

Levels and vault maps discovered:
D:1:      ncdulo_lavacross, layout_loops_corners,
          shapermc_ecumenical_altar_notcrosses, kennysheep_doodads,
          minmay_pentomino_r2
D:2:      layout_basic, uniq_terence
D:3:      layout_loops_ring, minitemple
D:4:      cheibrodos_old_hovel, layout_basic, serial_shops, nicolae_shop_stone,
          serial_bayou_pond_a, minivault_5, minmay_misc_feat_roman,
          kennysheep_dice
D:5:      layout_gridville, minmay_manual_moon
D:6:      layout_loops_cross, jmf_multi_god_temple2, serial_shops, shop,
          uniq_duvessa

Skill      XL: |  1  2  3  4  5  6  7  8 |
---------------+-------------------------+-----
Fighting       | 1 3 4 14 | 14.6
Summonings     | 5 6 |  6.0
Spellcasting   | 3 |  3.0
Invocations    | 2 3 4 |  4.0
Shields        | 4 |  4.0
Dodging        | |  2.3
Stealth        | |  1.9

Action                   |  1- 3 |  4- 6 |  7- 9 || total
-------------------------+-------+-------+-------++-------
Melee: Dagger            |   121 |   203 |       ||   324
       Spear             |       |    32 |   217 ||   249
       Punch             |       |       |     2 ||     2
Throw: Javelin           |       |     8 |     1 ||     9
 Cast: Summon Small Mamm |     8 |     3 |       ||    11
       Call Imp          |    14 |    19 |    11 ||    44
       Call Canine Famil |       |     9 |    17 ||    26
Invok: Heroism           |       |       |     6 ||     6
 Abil: Hop               |       |     1 |     2 ||     3
  Use: Scroll            |     3 |     9 |     2 ||    14
       Potion            |       |     4 |     2 ||     6
 Stab: Sleeping          |     4 |     1 |       ||     5
       Distracted        |       |     2 |     2 ||     4
       Invisible         |       |     2 |       ||     2
Armor: Robe              |     7 |       |       ||     7
       Leather armour    |    25 |       |       ||    25
       Ring mail         |     2 |    94 |    83 ||   179
Dodge: Dodged            |    75 |   150 |   107 ||   332

Table legend: (Time is in decaauts)
 A = Elapsed time spent in this place.
 B = Non-inter-level travel time spent in this place.
 C = Inter-level travel time spent in this place.
 D = Time resting spent in this place.
 E = Time spent auto-exploring this place.
 F = Levels seen in this place.
 G = Mean time per level.
                   A        B        C        D        E       F      G
               +--------+--------+--------+--------+--------+-----+--------+
         Total |  11445 |  11148 |    297 |   2854 |   6654 |   6 | 1907.5 |
       Dungeon |  11445 |  11148 |    297 |   2854 |   6654 |   6 | 1907.5 |
               +--------+--------+--------+--------+--------+-----+--------+

Top non-repeatable levels by time:
     D:4: 3304 daAuts
     D:2: 2152 daAuts
     D:1: 1856 daAuts
     D:3: 1672 daAuts
     D:5: 1575 daAuts
     D:6: 882 daAuts
